 Dungeon Crawl Stone Soup version 0.26.1-11-gd32895ea62 (webtiles) character file.

Game seed: 5419385663730231697

68 nothank2 the Conjurer (level 4, 0/33 HPs)
             Began as a Draconian Conjurer on July 13, 2021.
             Slain by an orc
             ... wielding a +0 flail
              (6 damage)
             ... on level 3 of the Dungeon.
             The game lasted 00:03:05 (1717 turns).

nothank2 the Conjurer (Draconian Conjurer)          Turns: 1717, Time: 00:03:05

Health: 0/33       AC:  5    Str:  9    XL:     4   Next: 1%
Magic:  1/8        EV: 12    Int: 19    God:
Gold:   175        SH:  0    Dex: 10    Spells: 7/8 levels left

rFire    . . .     SeeInvis .   c - +1 dagger (venom)
rCold    . . .     Faith    .   (no shield)
rNeg     . . .     Spirit   .   (armour unavailable)
rPois    .         Reflect  .   (helmet restricted)
rElec    .         Harm     .   (no cloak)
rCorr    .         Rampage  .   (no gloves)
Will     .....                  (no boots)
Stlth    ++........             (no amulet)
HPRegen  0.11/turn              (no ring)
MPRegen  0.11/turn              (no ring)

@: no status effects
A: unfitting armour, cold-blooded, AC +5
a: no special abilities


You were on level 3 of the Dungeon.
You visited 1 branch of the dungeon, and saw 4 of its levels.

You collected 175 gold pieces.

Inventory:

Hand Weapons
 b - a +0 club
 c - a +1 dagger of venom (weapon)
Scrolls
 a - a scroll of remove curse {unknown}
 d - a scroll of teleportation {unknown}
 e - 2 scrolls of amnesia {unknown}
 f - 3 scrolls of immolation {unknown}
 g - a scroll of blinking {unknown}
Potions
 h - a potion of cancellation {unknown}
 i - a potion of attraction {unknown}


   Skills:
 - Level 1.7 Dodging
 - Level 1.7 Stealth
 + Level 2.7 Spellcasting
 * Level 5.1 Conjurations


You had 7 spell levels left.
You knew the following spells:

 Your Spells              Type           Power        Failure   Level
a - Magic Dart            Conj           88%          1%          1

Your spell library contained the following spells:

 Spells                   Type           Power        Failure   Level
 Searing Ray              Conj           44%          2%          2
 Dazzling Flash           Conj/Hex       24%          16%         3
 Fulminant Prism          Conj/Hex       6%           47%         4
 Iskenderun's Mystic Bla  Conj/Tloc      12%          47%         4


Dungeon Overview and Level Annotations

Branches:
Dungeon (4/15)
 Temple: D:4-7

Altars:


Innate Abilities, Weirdness & Mutations

Your plain brown scales are hard. (AC +5)
You cannot fit into any form of body armour.
You are cold-blooded and may be slowed by cold attacks.


Message History

The hornet zombie hits you!
You barely miss the hornet zombie.
The hornet zombie is moderately damaged.
The hornet zombie barely misses you.
You hit the hornet zombie but do no damage.
You tail-slap the hornet zombie, but do no damage.
The hornet zombie is moderately damaged.
The hornet zombie hits you.
An orc comes into view. It is wielding a +0 flail.
You hit the hornet zombie but do no damage.
The hornet zombie is moderately damaged.
The hornet zombie hits you. x2
* * * LOW HITPOINT WARNING * * *
You are too injured to fight recklessly!
The hornet zombie barely misses you.
A leopard gecko comes into view.
The hornet zombie hits you.
* * * LOW HITPOINT WARNING * * *
The orc hits you with a +0 flail.
You die...

##########
#........#
#........#
#........#
#........#
###..@Z....#
........o....#
.............#
.............#
....!..##..###
l........>.#
.......###..#
....... #.#
... .#


You could see an orc, a hornet zombie and a leopard gecko.

Vanquished Creatures
  2 adders (D:2)
  A white imp (D:3)
  An ooze (D:2)
  2 dart slugs (D:1)
  2 leopard geckos (D:1)
  A bat (D:1)
  7 goblins
  6 hobgoblins
  2 jackals (D:1)
  4 kobolds
  2 frilled lizards (D:1)
30 creatures vanquished.

Notes
Turn   | Place    | Note
-------+----------+-------------------------------------------
     0 | D:1      | nothank2 the Draconian Conjurer began the quest for the
                  | Orb.
     0 | D:1      | Reached XP level 1. HP: 14/14 MP: 3/3
   198 | D:1      | Reached XP level 2. HP: 20/20 MP: 0/5
   835 | D:1      | Reached XP level 3. HP: 17/26 MP: 1/6
  1461 | D:2      | Reached skill level 5 in Conjurations
  1696 | D:2      | You fall into a shaft and drop 2 floors!
  1697 | D:4      | Noticed a scorpion
  1703 | D:3      | Reached XP level 4. HP: 33/33 MP: 5/8
  1717 | D:3      | Slain by an orc

Illustrated notes

Levels and vault maps discovered:
D:1:      co_arrival_random_square_maze, layout_basic
D:2:      layout_rooms
D:3:      layout_rooms, zin_treasury, gup_sewer_entry_bubbles
D:4:      layout_rooms, chequers_temple_overflow_minitemple, lemuel_doored_altar

Skill      XL: |  1  2  3 |
---------------+----------+-----
Conjurations   | 5 |  5.1
Dodging        | |  1.7
Stealth        | |  1.7
Spellcasting   | |  2.7

Action                   |  1- 3 |  4- 6 || total
-------------------------+-------+-------++-------
Melee: Dagger            |    17 |     4 ||    21
       Tailslap          |     2 |     1 ||     3
 Cast: Magic Dart        |    59 |     5 ||    64
Armor: Skin              |     3 |     1 ||     4
Dodge: Dodged            |    12 |     3 ||    15
